 Dungeon Crawl Stone Soup version 0.23.2-40-g277498a001 (webtiles) character file.

Game seed: 12489974525751266346

1294 Ishchenko the Cleaver (level 8, 0/70 HPs)
             Began as a Hill Orc Fighter on Sept 24, 2019.
             Was a Follower of Trog.
             Slain by a hippogriff (4 damage)
             ... on level 7 of the Dungeon.
             The game lasted 00:20:31 (6692 turns).

Ishchenko the Cleaver (Hill Orc Fighter)            Turns: 6692, Time: 00:20:31

Health: 0/70       AC:  8    Str: 21    XL:     8   Next: 56%
Magic:  8/8        EV:  2    Int:  8    God:    Trog [*.....]
Gold:   287        SH:  0    Dex: -6 (12) Spells: 7/7 levels left

rFire    . . .     SeeInvis .   I - +0 morningstar
rCold    + + .     Gourm    .   (no shield)
rNeg     . . .     Faith    .   b - +0 scale mail
rPois    +         Spirit   .   j - +0 helmet
rElec    +         Reflect  .   m - +0 cloak
rCorr    +         Harm     .   (no gloves)
MR       +....                  C - +0 pair of boots
Stlth    ..........             (no amulet)
HPRegen  0.21/turn              p - ring of protection from magic
MPRegen  0.11/turn              y - ring of ice

@: resistant, slowed, lost dexterity, very slow
A: agile 1, deformed body, no potion heal 1
a: Berserk, Renounce Religion


You were on level 7 of the Dungeon.
You worshipped Trog.
Trog was aware of your devotion.
You were not hungry.

You visited 2 branches of the dungeon, and saw 8 of its levels.

You collected 287 gold pieces.

Inventory:

Hand Weapons
 I - a +0 morningstar (weapon)
Armour
 b - a +0 scale mail (worn)
 j - a +0 helmet (worn)
 m - a +0 cloak (worn)
 C - a +0 pair of boots (worn)
Jewellery
 p - a ring of protection from magic (left hand)
 y - a ring of ice (right hand)
Wands
 q - a wand of scattershot (5)
 v - a wand of disintegration (17)
Scrolls
 h - 2 scrolls of remove curse
 k - 2 scrolls of teleportation
 o - 3 scrolls of blinking
 t - a scroll of immolation {unknown}
 w - a scroll of identify
 z - a scroll of enchant armour {unknown}
 A - a scroll of fog {unknown}
 B - a scroll of random uselessness {unknown}
 G - a scroll of enchant weapon {unknown}
Potions
 e - a potion of invisibility
 g - 4 potions of haste
 l - 2 potions of heal wounds
 s - a potion of agility
 u - a potion of curing
 D - a potion of might
Comestibles
 f - 9 rations


   Skills:
 + Level 6.1 Fighting
   Level 8.6 Axes
 + Level 6.2 Armour
 + Level 1.9 Dodging
 + Level 0.5 Stealth
   Level 5.2 Shields


You had 7 spell levels left.
You didn't know any spells.
Your spell library contained the following spells:

 Spells                   Type           Power        Failure   Level  Hunger
 Magic Dart               Conj           #...         73%         1    ##.....
 Searing Ray              Conj           #.....       86%         2    ###....
 Dazzling Spray           Conj/Hex       #.....       97%         3    ####...
 Force Lance              Conj/Tloc      #.......     100%        4    #####..
 Fulminant Prism          Conj/Hex       #.........   100%        4    #####..
 Iskenderun's Mystic Bla  Conj           #.......     100%        4    #####..


Dungeon Overview and Level Annotations

Branches:
Dungeon (7/15)             Temple (1/1) D:5

Altars:
Ashenzari
Cheibriados
Elyvilon
Fedhas
Gozag
Hepliaklqana
Kikubaaqudgha
Makhleb
Nemelex Xobeh
Okawaru
Qazlal
Ru
Sif Muna
Trog
Uskayaw
Vehumet
The Shining One

Annotations:
D:5 2 transporters, terix's ghost, amateur DsNe
D:6 3 runed translucent doors, ChadusMaximus's ghost, novice MiBe; Curus's ghost, amateur MfTm


Innate Abilities, Weirdness & Mutations

You are agile. (Dex +2)
Armour fits poorly on your strangely shaped body.
Potions are less effective at restoring your health.


Message History

You are too injured to fight recklessly!
You are too injured to fight recklessly!
You are too injured to fight recklessly!
Unknown command.
Unknown command.
You closely miss the hippogriff.
The hippogriff is moderately wounded.
The hippogriff bites you but does no damage.
The hippogriff pecks you.
* * * LOW HITPOINT WARNING * * *
The hippogriff claws you but does no damage.
The hippogriff bites you.
* * * LOW HITPOINT WARNING * * *
The hippogriff pecks you but does no damage.
The hippogriff claws you but does no damage.
The hippogriff bites you but does no damage.
The hippogriff pecks you.
* * * LOW HITPOINT WARNING * * *
The hippogriff claws you.
You die...

#............
#............#
#.............
#...........##
####..)..........
........[..<....
#.^....HH.......
##......@........
+....####'###...
#...# #.# #...#
#.# ####...####.#
...........#.###
##########.#...#
#<......#
#.#..().####


You could see 2 hippogriffs.

Vanquished Creatures
  Menkaure (D:4)
  A sky beast (D:5)
  3 phantoms
  An ogre (D:5)
  2 crimson imps (D:5)
  A hound (D:5)
  A jelly (D:5)
  2 orc priests (D:4)
  A bullfrog skeleton (D:5)
  Ijyb (D:3)
  2 orc wizards
  8 worker ants
  12 adders
  3 oozes
  5 worms
  2 dart slugs (D:1)
  2 leopard geckos
  19 orcs
  7 bats
  9 giant cockroaches
  5 hobgoblins
  8 jackals
  6 kobolds
  A quokka (D:3)
  2 ball pythons
  6 frilled lizards
  6 goblins
  A jackal zombie (D:5)
  A leopard gecko skeleton (D:5)
  A leopard gecko zombie (D:5)
  A quokka skeleton (D:6)
  8 rats
129 creatures vanquished.

Vanquished Creatures (others)
  5 withered plants (D:6)
5 creatures vanquished.

Grand Total: 134 creatures vanquished

Notes
Turn   | Place    | Note
-------+----------+-------------------------------------------
     0 | D:1      | Ishchenko the Hill Orc Fighter began the quest for the Orb.
     0 | D:1      | Reached XP level 1. HP: 19/19 MP: 1/1
   167 | D:1      | Reached XP level 2. HP: 27/27 MP: 2/2
   877 | D:2      | Reached skill level 3 in Axes
   883 | D:2      | Reached XP level 3. HP: 33/33 MP: 3/3
  1272 | D:2      | Reached XP level 4. HP: 38/40 MP: 4/4
  1370 | D:2      | Reached skill level 4 in Axes
  1839 | D:3      | Noticed Ijyb
  1853 | D:3      | Killed Ijyb
  1853 | D:3      | Reached XP level 5. HP: 46/46 MP: 5/5
  2397 | D:4      | Reached skill level 5 in Axes
  2774 | D:4      | Found a sacrificial altar of Ru.
  2791 | D:4      | Noticed Menkaure
  2796 | D:4      | Reached XP level 6. HP: 52/53 MP: 6/6
  2807 | D:4      | Killed Menkaure
  2807 | D:4      | Reached skill level 6 in Axes
  2807 | D:4      | Reached skill level 1 in Dodging
  3322 | D:4      | Reached skill level 5 in Fighting
  3322 | D:4      | Reached XP level 7. HP: 45/61 MP: 7/7
  3511 | D:5      | Entered Level 5 of the Dungeon
  3511 | D:5      | Found a transporter.
  3511 | D:5      | Noticed terix's ghost (amateur DsNe)
  3596 | D:5      | Found a transporter.
  3607 | D:5      | Reached skill level 5 in Armour
  3831 | D:5      | Found a staircase to the Ecumenical Temple.
  3836 | Temple   | Entered the Ecumenical Temple
  3950 | Temple   | Became a worshipper of Trog the Wrathful
  3994 | D:5      | Reached skill level 7 in Axes
  4293 | D:5      | Noticed a moth of wrath
  4296 | D:5      | Found a bloodstained altar of Trog.
  4404 | D:5      | Reached skill level 5 in Shields
  4698 | D:5      | Reached XP level 8. HP: 67/68 MP: 8/8
  4883 | D:5      | Reached * piety under Trog
  5117 | D:5      | Reached skill level 8 in Axes
  5380 | D:6      | Found a runed translucent gate.
  5380 | D:6      | Found a runed translucent gate.
  5381 | D:6      | Found a runed translucent gate.
  5394 | D:6      | Noticed ChadusMaximus's ghost (novice MiBe)
  5394 | D:6      | Noticed Curus's ghost (amateur MfTm)
  5789 | D:6      | Lost dexterity.
  6651 | D:7      | Gained mutation: You tend to lose your temper in combat.
                  | [potion of mutation]
  6651 | D:7      | Gained mutation: You are weak. (Str -2) [potion of
                  | mutation]
  6651 | D:7      | Gained mutation: You are clumsy. (Dex -2) [potion of
                  | mutation]
  6651 | D:7      | Gained mutation: You expend magic power (3 MP) to
                  | strengthen your wands. [potion of mutation]
  6686 | D:7      | Lost mutation: You expend magic power (3 MP) to strengthen
                  | your wands. [potion of mutation]
  6686 | D:7      | Lost mutation: You are clumsy. (Dex -2) [potion of
                  | mutation]
  6686 | D:7      | Lost mutation: You are weak. (Str -2) [potion of mutation]
  6686 | D:7      | Lost mutation: You tend to lose your temper in combat.
                  | [potion of mutation]
  6686 | D:7      | Gained mutation: Armour fits poorly on your strangely
                  | shaped body. [potion of mutation]
  6686 | D:7      | Gained mutation: Potions are less effective at restoring
                  | your health. [potion of mutation]
  6686 | D:7      | Gained mutation: You are agile. (Dex +2) [potion of
                  | mutation]
  6687 | D:7      | Noticed a hippogriff
  6687 | D:7      | Noticed a hippogriff
  6692 | D:7      | Slain by a hippogriff

Skill      XL: |  1  2  3  4  5  6  7  8 |
---------------+-------------------------+-----
Fighting       | 4 5 6 |  6.1
Axes           | 3 4 5 6 7 8 |  8.6
Shields        | 4 5 |  5.2
Armour         | 4 5 6 |  6.2
Dodging        | 1 |  1.9
Stealth        | |  0.5

Action                   |  1- 3 |  4- 6 |  7- 9 || total
-------------------------+-------+-------+-------++-------
Melee: War axe           |   124 |   177 |   216 ||   517
       Morningstar       |       |       |    55 ||    55
Invok: Berserk           |       |       |     1 ||     1
  Use: Potion            |       |     1 |    10 ||    11
       Scroll            |       |     1 |     5 ||     6
  Eat: Chunk             |     1 |     7 |    10 ||    18
       Ration            |       |       |     1 ||     1
Armor: Scale mail        |    75 |    83 |   317 ||   475
Dodge: Dodged            |    64 |    63 |   190 ||   317
Block: Shield            |    75 |    51 |       ||   126
       Buckler           |       |    11 |    49 ||    60
